 Dungeon Crawl Stone Soup version 0.20.1-1-g8b1a95d (webtiles) character file.

2200 masayah the Spear-Bearer (level 9, -26/72 HPs)
             Began as a Merfolk Gladiator on Nov 2, 2017.
             Was a Believer of Okawaru.
             Annihilated by a white very ugly thing (45 damage)
             ... on level 8 of the Dungeon on Nov 4, 2017.
             The game lasted 01:23:55 (8582 turns).

masayah the Spear-Bearer (Merfolk Gladiator)        Turns: 8582, Time: 01:24:02

Health: -26/72     AC:  8    Str: 16    XL:     9   Next: 34%
Magic:  18/18      EV: 17    Int:  8    God:    Okawaru [**....]
Gold:   208        SH:  0    Dex: 16    Spells: 8/8 levels left

rFire    . . .     SeeInvis .   i - +2 spear (venom)
rCold    . . .     Gourm    .   (no shield)
rNeg     . . .     Faith    .   A - +0 ring mail
rPois    .         Spirit   .   c - +0 helmet
rElec    .         Reflect  .   t - scarf {repulsion}
rCorr    .         Harm     .   l - +0 pair of gloves
MR       .....                  (no boots)
Stlth    +.........             (no amulet)
Regen    0.3/turn               E - +1 ring of protection
MPRegen  0.2/turn               n - ring of magical power

@: repel missiles
A: change form in water, swift swim, stealthy swim
a: Heroism, Renounce Religion


You were on level 8 of the Dungeon.
You worshipped Okawaru.
Okawaru was pleased with you.
You were hungry.

You visited 1 branch of the dungeon, and saw 8 of its levels.

You collected 208 gold pieces.

Inventory:

Hand Weapons
 e - a cursed -2 mace
 i - a +2 spear of venom (weapon)
 r - a +0 mace of protection
Missiles
 d - 3 throwing nets
 m - 33 sling bullets
 B - 255 stones (quivered)
Armour
 c - a +0 helmet (worn)
 l - a +0 pair of gloves (worn)
 t - a scarf of repulsion (worn)
 A - a +0 ring mail (worn)
Jewellery
 n - a ring of magical power (right hand)
 q - an uncursed ring of magical power
 E - a +1 ring of protection (left hand)
Wands
 F - a wand of flame (24/48)
Scrolls
 b - a scroll of fear {unknown}
 s - 3 scrolls of recharging
 v - a scroll of magic mapping
 w - a scroll of blinking {unknown}
 x - a scroll of teleportation
 y - a scroll of remove curse
Potions
 a - a potion of degeneration {unknown}
 h - a potion of haste
 o - a potion of might {unknown}
 p - a potion of agility {unknown}
 u - a potion of berserk rage {unknown}
 z - a potion of lignification {unknown}
 D - 2 potions of resistance {unknown}
Books
 g - a book of Misfortune

   Spells                             Type                      Level
   a - Confusing Touch                Hexes                        1
   b - Confuse                        Hexes                        3
   c - Gell's Gravitas                Translocation                3
   d - Petrify                        Transmutation/Earth          4
   e - Metabolic Englaciation         Hexes/Ice                    5
   f - Yara's Violent Unravelling     Hexes/Transmutation          5
Comestibles
 f - 8 bread rations
 j - a royal jelly
 C - 4 fruits


   Skills:
 + Level 7.2 Fighting
 + Level 11.0 Polearms
 - Level 2.3 Throwing
 - Level 1.7 Armour
 + Level 9.5 Dodging
 - Level 0.5 Stealth


You had 8 spell levels left.
You didn't know any spells.

Dungeon Overview and Level Annotations

Branches:
Dungeon (9/15)                Orc (0/2) D:9
 Temple: D:4-7         Lair: D:8-11

Altars:
Cheibriados
Fedhas
Gozag
Okawaru
Qazlal
Zin

Shops:
D:5 %


Message History

The white very ugly thing misses you.
You see here an arrow.
You hit the white very ugly thing.
The white very ugly thing looks as sick as possible!
The white very ugly thing is lightly wounded.
You hit the white very ugly thing but do no damage.
The white very ugly thing is lightly wounded.
You hit the white very ugly thing but do no damage.
The white very ugly thing is lightly wounded.
The white very ugly thing punches you!!
* * * LOW HITPOINT WARNING * * *
The white very ugly thing freezes you!!
* * * LOW HITPOINT WARNING * * *
You feel much better.
The deep elf mage casts a spell.
The deep elf mage blinks!
The white very ugly thing punches you.
* * * LOW HITPOINT WARNING * * *
The white very ugly thing freezes you!!!
Ouch! That really hurt!
You die...

#P...#
.......#...P#
.......#P...#
.......#...P#
..ยง....#P...#
......K#...P#
.....cl#P...#
.e...ZH#...P#
....FZWu@...#
#############


You could see a white very ugly thing, a centaur warrior, a hippogriff, a deep
elf mage, a shadow, a bullfrog, a meliai zombie and a wyvern skeleton.

Vanquished Creatures
  The ghost of Frank the Skirmisher, an amateur OpFi (D:5)
  Sigmund (D:3)
  The ghost of dstrtn the Vexing, an amateur KoAM of Okawaru (D:4)
  An orc warrior (D:6)
  An ogre (D:5)
  3 sky beasts
  4 centaurs
  A crocodile (D:8)
  A bullfrog (D:6)
  A scorpion (D:8)
  2 crimson imps
  2 orc priests
  A bullfrog skeleton (D:5)
  3 hounds
  6 orc wizards
  Crazy Yiuf (D:2)
  A worker ant (D:3)
  A worker ant zombie (D:6)
  Robin (D:2)
  7 gnolls (D:4)
  8 adders
  4 oozes
  5 worms
  3 dart slugs
  5 leopard geckos
  13 orcs
  5 giant cockroaches
  15 goblins
  13 hobgoblins
  8 jackals (D:1)
  7 kobolds
  A quokka (D:5)
  8 bats
  8 frilled lizards
  14 rats
  A fungus (D:2)
158 creatures vanquished.

Notes
Turn   | Place    | Note
-------+----------+-------------------------------------------
     0 | D:1      | masayah the Merfolk Gladiator began the quest for the Orb.
     0 | D:1      | Reached XP level 1. HP: 16/16 MP: 1/1
   476 | D:1      | Reached XP level 2. HP: 13/22 MP: 2/2
   751 | D:1      | Reached skill level 5 in Polearms
   947 | D:1      | Reached XP level 3. HP: 26/28 MP: 3/3
  1189 | D:1      | Found a snail-covered altar of Cheibriados.
  1305 | D:1      | You fall through a shaft!
  1761 | D:2      | Found a runed door.
  1949 | D:2      | Reached XP level 4. HP: 31/34 MP: 4/4
  2434 | D:2      | Reached skill level 6 in Polearms
  2473 | D:2      | Noticed Robin
  2498 | D:2      | Killed Robin
  2513 | D:2      | Reached skill level 1 in Armour
  3009 | D:2      | Noticed Crazy Yiuf
  3015 | D:2      | Killed Crazy Yiuf
  3015 | D:2      | Reached XP level 5. HP: 21/39 MP: 5/5
  3388 | D:4      | Found a glowing silver altar of Zin.
  3710 | D:3      | Reached skill level 7 in Polearms
  3853 | D:3      | Found a faded altar of an unknown god.
  4121 | D:3      | Found an opulent altar of Gozag.
  4190 | D:3      | Found a blossoming altar of Fedhas.
  4220 | D:3      | Reached XP level 6. HP: 27/47 MP: 6/6
  4228 | D:3      | Reached skill level 5 in Dodging
  4469 | D:3      | Noticed Sigmund
  4492 | D:3      | Killed Sigmund
  4492 | D:3      | Reached skill level 8 in Polearms
  4492 | D:3      | Reached XP level 7. HP: 15/53 MP: 7/7
  5239 | D:4      | Noticed dstrtn's ghost (amateur KoAM)
  5409 | D:4      | Killed dstrtn's ghost
  5733 | D:4      | Found an iron altar of Okawaru.
  5752 | D:4      | Became a worshipper of Warmaster Okawaru
  6202 | D:5      | Entered Level 5 of the Dungeon
  6250 | D:5      | Reached skill level 9 in Polearms
  6250 | D:5      | Reached XP level 8. HP: 39/61 MP: 8/8
  6470 | D:5      | Reached skill level 5 in Fighting
  6656 | D:5      | Reached * piety under Okawaru
  6909 | D:5      | Found a stormy altar of Qazlal.
  7006 | D:5      | Found Buwomail's Food Emporium.
  7162 | D:5      | Noticed Frank's ghost (amateur OpFi)
  7189 | D:5      | Killed Frank's ghost
  7189 | D:5      | Reached skill level 10 in Polearms
  7995 | D:6      | Reached XP level 9. HP: 53/71 MP: 9/9
  8106 | D:6      | Reached ** piety under Okawaru
  8405 | D:6      | You fall through a shaft for 3 floors!
  8554 | D:8      | Noticed a deep elf mage
  8556 | D:8      | Noticed a centaur warrior
  8559 | D:8      | Noticed a white very ugly thing
  8572 | D:8      | Reached skill level 11 in Polearms
  8581 | D:8      | HP: 1/72 [white very ugly thing (18)]
  8582 | D:8      | Annihilated by a white very ugly thing

Skill      XL: |  1  2  3  4  5  6  7  8  9 |
---------------+----------------------------+-----
Polearms       | 5 6 7 8 9 10 11 | 11.0
Armour         | 1 |  1.7
Fighting       | 3 4 6 7 |  7.2
Dodging        | 5 7 8 9 |  9.5
Throwing       | |  2.3
Stealth        | |  0.5

Action                   |  1- 3 |  4- 6 |  7- 9 || total
-------------------------+-------+-------+-------++-------
Melee: Trident           |    89 |       |       ||    89
       Spear             |    35 |   179 |   365 ||   579
  Use: Scroll            |     5 |     2 |     6 ||    13
       Potion            |       |       |     3 ||     3
 Stab: Sleeping          |       |     1 |       ||     1
  Eat: Chunk             |     2 |     4 |     5 ||    11
       Meat ration       |     1 |       |       ||     1
       Bread ration      |       |       |     1 ||     1
       Fruit             |       |       |     4 ||     4
Armor: Leather armour    |    22 |    26 |    26 ||    74
       Ring mail         |       |       |    33 ||    33
Dodge: Dodged            |    89 |    95 |   193 ||   377
